 Dungeon Crawl Stone Soup version 0.27.1-34-g3ba077fa99 (webtiles) character file.

Game seed: 9971984611906533057

500 Vylera the Slasher (level 7, 0/75 HPs)
             Began as a Djinni Abyssal Knight on Jan 3, 2022.
             Was a Believer of Lugonu.
             Slain by an orc priest (8 damage)
             ... on level 4 of the Dungeon.
             The game lasted 00:09:09 (4245 turns).

Vylera the Slasher (Djinni Abyssal Knight)          Turns: 4245, Time: 00:09:10

Health: 0/75       AC: 23    Str: 11    XL:     7   Next: 40%
Gold:   138        EV:  2    Int: 15    God:    Lugonu [**....] SH:  0 Dex: 13

rFire    . . .     SeeInvis .   j - +0 dagger (venom)
rCold    . . .     Faith    .   (no shield)
rNeg     + + +     Spirit   .   (armour currently unavailable)
rPois    ∞         Reflect  .   (helmet currently unavailable)
rElec    .         Harm     .   (cloak currently unavailable)
rCorr    .         Rampage  .   (gloves currently unavailable)
Will     +....     NoTele   +   (boots unavailable)
Stlth    +.........             (no amulet)
HPRegen  0.22/turn              e - ring of willpower
MPRegen  0.00/turn              (no ring)

@: brilliant, tree-form
A: stationary, stasis, torment immunity, boosted hp, sickness immunity, (fire
resistance 2), (cold vulnerability 1), float, innate caster, hp casting, extra
vitality 1
a: Renounce Religion, Depart the Abyss, Bend Space


You were on level 4 of the Dungeon.
You worshipped Lugonu.
Lugonu was pleased with you.
You were a tree.
You visited 1 branch of the dungeon, and saw 4 of its levels.
You visited the Abyss 1 time.

You collected 138 gold pieces.

Inventory:

Hand Weapons
 a - a +1 falchion
 i - a +2 dagger of speed
 j - a +0 dagger of venom (weapon)
 u - a +3 dagger
Missiles
 k - 10 poisoned darts
 p - 3 javelins
Armour
 b - a +0 leather armour
 n - a scarf of harm
 r - +0 swamp dragon scales (melded)
 t - a +0 helmet (melded)
 z - a scarf of resistance (melded)
Jewellery
 e - a ring of willpower (left branch)
Wands
 l - a wand of flame (20)
 A - a wand of paralysis (8)
 B - a wand of polymorph (4)
Scrolls
 c - 4 scrolls of identify {unknown}
 g - 2 scrolls of magic mapping {unknown}
 h - 2 scrolls of noise {unknown}
 m - a scroll of enchant weapon {unknown}
 q - 2 scrolls of fear {unknown}
 s - a scroll of silence {unknown}
 v - a scroll of torment {unknown}
 y - a scroll of fog {unknown}
 C - a scroll of teleportation {unknown}
Potions
 d - a potion of might {unknown}
 f - a potion of lignification
 o - a potion of degeneration {unknown}
 w - a potion of brilliance
 x - a potion of mutation {unknown}
 D - a potion of heal wounds {unknown}


   Skills:
 - Level 3.0 Fighting
 * Level 4.7 Long Blades
 + Level 2.4 Armour
 + Level 4.2 Dodging
 + Level 3.8 Invocations


You had one spell level left.
You knew the following spells:

 Your Spells              Type           Power      Damage    Failure   Level
a - Freeze                Ice            0%         1d3       26%         1
b - Ensorcelled Hibernat  Hex/Ice        0%         N/A       38%         2
c - Passwall              Tmut/Erth      0%         N/A       38%         2
Your spell library was empty.

Dungeon Overview and Level Annotations

Branches:
Dungeon (4/15)             Temple (0/1) D:4

Altars:
Xom
Zin

Shops:
D:2 !   D:3 *


Innate Abilities, Weirdness & Mutations

You are a tree.
Your roots penetrate the ground, keeping you stationary.
You cannot be teleported.
You are immune to unholy pain and torment.
Your maximum health is greatly increased.
Your equipment is partially melded.
You are immune to sickness and miasma.
You are immune to poison.
((Your flesh is very heat resistant. (rF++)))
((You are vulnerable to cold. (rC-)))
You float through the air rather than walking.
You learn spells naturally, not from books.
Your magical power is your life essence.
You have superior vitality. (+4 HP)


Message History

You closely miss the orc.
The orc is heavily wounded.
The orc hits you with a +0 mace.
You barely miss the orc.
The orc is severely wounded.
The orc hits you but does no damage.
The orc priest calls upon Beogh to heal the orc.
The orc's wounds heal themselves!
You hit the orc but do no damage.
The orc looks as sick as possible!
The orc is moderately wounded.
The orc hits you with a +0 mace.
You kill the orc!
Lugonu accepts your kill.
The orc priest begins to cast a cantrip, but forgets the words!
The orc priest mumbles some strange prayers to Beogh against you.
Beogh smites you! The orc priest barely misses you.
Items here: $ ) [ †.
You barely miss the orc priest.
The orc priest mumbles some strange prayers to Beogh against you.
Pain shoots through your body!
* * * LOW HITPOINT WARNING * * *
You hit the orc priest but do no damage.
The orc priest is poisoned.
It was a potion of lignification.
You turn into a tree.
Your scarf of resistance melds into your body.
Your +0 helmet melds into your body.
Your +0 swamp dragon scales melds into your body.
You feel hot and cold all over.
Your roots penetrate the ground.
The orc priest hits you with a +0 flail.
* * * LOW HITPOINT WARNING * * *
You cannot move.
Unknown command.
You cannot move.
You cannot move.
You cannot move.
It was a potion of brilliance.
You feel clever all of a sudden.
The orc priest hits you with a +0 flail!
You die...

#.......# #...#.#
##.###..## #...#.#
#....##.# #.....#
#....##.####...#.#
..
#....#.....†...#.#
.
#....#......####.#
. ##.###......#
#.# .### ...#
#......# #.# #O..
.### ###..### #♣#
#..# .#
##.######o##o.# .#
######......Oo#..#
.#
#...............##
.## .#
#..............##
..## .#
#.............##
#..# .#
#......)#####.# ##
#..# .# #######)#
#.# #.#+ ##..# .#
#.## #..###
#..###...#


You could see an ogre, an orc priest (very poisoned) and an orc.

Vanquished Creatures
  Sigmund (D:4)
  Blork the orc (D:4)
  Ijyb (D:4)
  Natasha (thrice) (D:4)
  An orc wizard (D:3)
  A hound skeleton (D:4)
  5 adders
  An adder skeleton (D:4)
  A worm (D:4)
  3 dart slugs
  9 orcs
  7 endoplasms
  2 giant cockroaches
  6 goblins
  7 hobgoblins
  4 kobolds
  4 quokkas
  5 ball pythons
  9 bats
  2 frilled lizards (D:3)
  6 rats
79 creatures vanquished.

Notes
Turn   | Place    | Note
-------+----------+-------------------------------------------
     0 | Abyss:1  | Vylera the Djinni Abyssal Knight began the quest for the
                  | Orb.
     0 | Abyss:1  | Reached XP level 1. HP: 20/20 MP: 0/0
    54 | Abyss:1  | Noticed a ynoxinul
    58 | Abyss:1  | Noticed an iron imp
    89 | Abyss:1  | Noticed a starcursed mass
    89 | Abyss:1  | Noticed a wraith
    91 | D:1      | Escaped the Abyss
   158 | D:1      | Reached * piety under Lugonu
   344 | D:1      | Reached XP level 2. HP: 17/25 MP: 0/0
   912 | D:1      | Reached XP level 3. HP: 8/30 MP: 0/0
   912 | D:1      | Learned a level 1 spell: Freeze
  1491 | D:2      | Reached XP level 4. HP: 31/35 MP: 0/0
  1553 | D:2      | Found Exux's Distillery.
  2087 | D:3      | Reached ** piety under Lugonu
  2113 | D:3      | Reached XP level 5. HP: 10/40 MP: 0/0
  2113 | D:3      | Learned a level 2 spell: Ensorcelled Hibernation
  3080 | D:3      | Found a glowing silver altar of Zin.
  3081 | D:3      | Found Zin's Purification Station.
  3506 | D:4      | Noticed Sigmund
  3527 | D:4      | Killed Sigmund
  3528 | D:4      | Reached XP level 6. HP: 34/46 MP: 0/0
  3612 | D:4      | Noticed Ijyb
  3626 | D:4      | Killed Ijyb
  3828 | D:4      | Noticed Blork the orc
  3843 | D:4      | Killed Blork the orc
  3844 | D:4      | Reached XP level 7. HP: 47/50 MP: 0/0
  3844 | D:4      | Learned a level 2 spell: Passwall
  3889 | D:4      | Found a shimmering altar of Xom.
  3901 | D:4      | Found a staircase to the Ecumenical Temple.
  3931 | D:4      | Noticed Natasha
  3942 | D:4      | Killed Natasha
  4088 | D:4      | Noticed Natasha
  4094 | D:4      | Killed Natasha
  4200 | D:4      | Noticed Natasha
  4208 | D:4      | Killed Natasha
  4245 | D:4      | Slain by an orc priest

Illustrated notes

Levels and vault maps discovered:
D:1:      giann_horns, layout_basic, minmay_pentomino_v2
D:2:      layout_rooms, serial_shops, nicolae_shop_trees
D:3:      layout_loops_corners, zin_purify, eino_tiny_chamber
D:4:      layout_basic, mainiacjoe_overflow_brackets,
          nemelex_spade_bored_becter, minmay_temple_entry_drinking_statues,
          uniq_ijyb, uniq_natasha, uniq_blork_the_orc, uniq_sigmund

Skill      XL: |  1  2  3  4  5  6 |
---------------+-------------------+-----
Long Blades    | 2 3 4 |  4.7
Invocations    | 2 3 |  3.8
Dodging        | 3 4 |  4.2
Armour         | 2 |  2.4
Fighting       | |  3.0

Action                   |  1- 3 |  4- 6 |  7- 9 || total
-------------------------+-------+-------+-------++-------
Melee: Falchion          |    36 |       |       ||    36
       Dagger            |    60 |   186 |    38 ||   284
       Unarmed           |       |     2 |     7 ||     9
Invok: Depart the Abyss  |     1 |       |       ||     1
  Use: Potion            |       |       |     2 ||     2
Armor: Leather armour    |    24 |    19 |       ||    43
       Swamp dragon scal |       |    47 |    10 ||    57
       Skin              |       |       |     4 ||     4
Dodge: Dodged            |    77 |   101 |    11 ||   189
       Rpst.: Falchion   |    14 |       |       ||    14
